 Dungeon Crawl Stone Soup version 0.30-a0-881-g1ff12e1e11 (webtiles) character file.

Game seed: 7567903632378301885

21 retardedninja the Covered (level 2, 0/26 HPs)
             Began as an Armataur Fighter on Mar 14, 2023.
             Slain by Jessica
             ... wielding a +0 club
              (1 damage)
             ... on level 2 of the Dungeon.
             The game lasted 00:00:45 (927 turns).

retardedninja the Covered (Armataur Fighter)         Turns: 927, Time: 00:00:46

Health: 0/26       AC:  7    Str: 21    XL:     2   Next: 62%
Magic:  2/2        EV:  7    Int:  8    God:
Gold:   65         SH:  4    Dex:  9    Spells: 1/1 levels left

rFire   . . .      SeeInvis .    a - +0 war axe
rCold   . . .      Faith    .    c - +0 buckler
rNeg    . . .      Spirit   .    b - +0 scale mail
rPois   .          Reflect  .    (no helmet)
rElec   .          Roll     +    (no cloak)
rCorr   .                        (no gloves)
Will    .....                    (no barding) Stlth
                                 (no amulet)
HPRegen 0.24/turn                (no ring)
MPRegen 0.08/turn                (no ring)

@: no status effects
A: large, rugged brown scales 3, deformed body, armoured tail, roll, long
tongue, awkward tongue
a: no special abilities


You were on level 2 of the Dungeon.
You visited 1 branch of the dungeon, and saw 2 of its levels.

You collected 65 gold pieces.

Inventory:

Hand Weapons
 a - a +0 war axe (weapon)
Armour
 b - a +0 scale mail (worn)
 c - a +0 buckler (worn)
Scrolls
 f - a scroll of teleportation {unknown}
 g - a scroll of poison {unknown}
Potions
 d - a potion of might
 e - a potion of curing {unknown}
 h - a potion of degeneration {unknown}


   Skills:
 + Level 2.9 Fighting
 * Level 2.1 Axes
 + Level 3.9 Armour
 + Level 3.5 Shields


You had one spell level left.
You didn't know any spells.
Your spell library contained the following spells:

 Spells                   Type           Power      Damage    Failure   Level
 Static Discharge         Conj/Air       0%         2-2/arc   91%         2
 Vhi's Electric Charge    Tloc/Air       0%         N/A       99%         3
 Arcjolt                  Conj/Air       0%         1d10      100%        5
 Lightning Bolt           Conj/Air       0%         1d11      100%        5


Dungeon Overview and Level Annotations

Branches:
Dungeon (2/15)

Altars:

Annotations:
D:2 Jessica


Innate Abilities, Weirdness & Mutations

You are completely covered in rugged brown scales. (AC +3, +7% HP)
Armour fits poorly on your strangely shaped body.
You have a long armoured tail.
You roll when moving toward enemies. (Rampage)
Your long tongue fully drains potion bottles. (2x potion effects)
Your tongue gives you trouble enunciating. (1.5x scroll delay)


Message History

Key pressed, stopping explore.
No target in view!
There is a stone staircase leading up here.
Key pressed, stopping explore.
No target in view!
A bat comes into view.
Found a stone staircase leading down.
A bat is nearby!
You completely miss the bat. You block the bat's attack.
The bat hits you but does no damage. x3
A bat is nearby!
You hit the bat but do no damage. You tail-slap the bat.
You kill the bat!
You see here a bat corpse.
Found a pair of boots.
No target in view!
Jessica the Apprentice Sorceress comes into view.
She is wielding a +0 club.
You closely miss Jessica.
Jessica casts a spell.
Jessica blinks!
Jessica is nearby!
You roll towards Jessica!
You closely miss Jessica.
Jessica drinks a potion.
Jessica flickers and vanishes!
Deactivating autopickup; reactivate with Ctrl-A.
There is a strange disturbance nearby!
No target in view!
No target in view!
No target in view!
No target in view!
You barely miss something. Something hits you.
Something hits you but does no damage.
You closely miss something.
You hear some strange, mumbled words.
Pain shoots through your body!
You hit something.
You hear some strange, mumbled words.
Pain shoots through your body!
* * * LOW HITPOINT WARNING * * *
Something hits you.
You die...

#.# #. ...
. . #.#.#
.#
##[#.##.#
#......
#..#.##
##.....#
######{@.#
#......#.#
#.####...#
##.## #.#
##.##
##...#
##....#
#.....#


There were no monsters in sight!

Vanquished Creatures
  A dart slug (D:1)
  3 endoplasms (D:1)
  3 goblins
  3 hobgoblins (D:1)
  A ball python (D:1)
  5 bats
  A frilled lizard (D:2)
  A rat (D:2)
18 creatures vanquished.

Notes
Turn   | Place    | Note
-------+----------+-------------------------------------------
     0 | D:1      | retardedninja the Armataur Fighter began the quest for the
                  | Orb.
     0 | D:1      | Reached XP level 1. HP: 19/19 MP: 1/1
   379 | D:1      | Reached XP level 2. HP: 21/26 MP: 2/2
   922 | D:2      | Noticed Jessica
   927 | D:2      | HP: 1/26 [something/nerve-wracking pain (12)]
   927 | D:2      | Slain by Jessica

Illustrated notes

Levels and vault maps discovered:
D:1:      onia_arrival_mini_spirals, layout_loops_ring
D:2:      layout_loops_ring, shapermc_ecumenical_altar_rom_forum, nrook_uturn,
          minmay_misc_feat_tiny, uniq_jessica

Skill      XL: |  1  2 |
---------------+-------+-----
Axes           | 2 |  2.1
Fighting       | |  2.9
Armour         | |  3.9
Shields        | |  3.5

Action                     || total
---------------------------++-------
  Melee: War axe           ||    59
         Tailslap          ||     4
 Armour: Scale mail        ||    33
  Dodge: Dodged            ||    14
  Block: Buckler           ||    11

Table legend: (Time is in decaauts)
 A = Elapsed time spent in this place.
 B = Non-inter-level travel time spent in this place.
 C = Inter-level travel time spent in this place.
 D = Time resting spent in this place.
 E = Time spent auto-exploring this place.
 F = Levels seen in this place.
 G = Mean time per level.
                   A        B        C        D        E       F      G
               +--------+--------+--------+--------+--------+-----+--------+
         Total |    952 |    951 |      1 |     31 |    786 |   2 |  476.0 |
       Dungeon |    952 |    951 |      1 |     31 |    786 |   2 |  476.0 |
               +--------+--------+--------+--------+--------+-----+--------+

Top non-repeatable levels by time:
     D:1: 774 daAuts
     D:2: 177 daAuts
